 Dungeon Crawl Stone Soup version 0.23-a0-435-g79ed067 (webtiles) character file.

53 Lavandula the Chucker (level 3, 0/24 HPs)
             Began as an Octopode Hunter on Nov 16, 2018.
             Slain by a quokka (4 damage)
             ... on level 2 of the Dungeon.
             The game lasted 00:03:28 (653 turns).

Lavandula the Chucker (Octopode Hunter)              Turns: 653, Time: 00:03:29

Health: 0/24       AC:  1    Str: 12    XL:     3   Next: 87%
Magic:  3/3        EV: 13    Int: 13    God:
Gold:   71         SH:  4    Dex: 12    Spells: 2/2 levels left

rFire    . . .     SeeInvis .     - Unarmed
rCold    . . .     Gourm    .   m - +0 buckler
rNeg     . . .     Faith    .   (helmet restricted)
rPois    .         Spirit   .   (no amulet)
rElec    .         Reflect  .   k - ring of wizardry
rCorr    .         Harm     .   (no ring)
MR       .....                  (no ring)
Stlth    +++.......             (no ring)
HPRegen  0.08/turn              (no ring)
MPRegen  0.08/turn              (no ring)
                                (no ring)
                                (no ring)

@: no status effects
A: almost no armour, stealthy swim, amphibious, 8 rings, constrict 8, camouflage
1, gelatinous body 1
a: no special abilities


You were on level 2 of the Dungeon.
You were not hungry.

You visited 1 branch of the dungeon, and saw 3 of its levels.

You collected 71 gold pieces.

Inventory:

Missiles
 b - 3 javelins (quivered)
 c - 4 throwing nets
 o - 19 stones
Armour
 m - a +0 buckler (worn)
Jewellery
 k - a ring of wizardry (left tentacle)
Scrolls
 a - a scroll of amnesia {unknown}
 e - 2 scrolls of blinking {unknown}
 i - a scroll of fear {unknown}
 j - a scroll of teleportation {unknown}
 n - a scroll of identify {unknown}
Potions
 f - a potion of lignification {unknown}
 g - a potion of invisibility {unknown}
 h - 2 potions of curing {unknown}
 l - a potion of brilliance {unknown}
Comestibles
 d - 3 rations


   Skills:
 - Level 2.0 Fighting
 - Level 4.0 Throwing
 - Level 2.0 Dodging
 - Level 1.3 Stealth
 - Level 1.3 Shields
 + Level 2.9 Unarmed Combat


You had 2 spell levels left.
You didn't know any spells.
Your spell library was empty.

Dungeon Overview and Level Annotations

Branches:
Dungeon (3/15)

Altars:
Ashenzari


Innate Abilities, Weirdness & Mutations

You cannot wear most types of armour.
You are very stealthy in the water. (Stealth+)
You are amphibious.
You can wear up to eight rings at the same time.
You can use your tentacles to constrict eight enemies at once.
Your skin changes colour to match your surroundings (Stealth+).
Your rubbery body absorbs attacks. (AC +1, EV +1)


Message History

Aim: a quokka You throw a javelin.
The javelin barely misses the quokka.
The quokka misses you.
You closely miss the quokka. Your grab misses the quokka.
The quokka closely misses you.
You barely miss the quokka. You grab the quokka.
You constrict the quokka, but do no damage.
The quokka closely misses you.
You barely miss the quokka.
You constrict the quokka, but do no damage.
The quokka bites you.
* * * LOW HITPOINT WARNING * * *
You completely miss the quokka.
You constrict the quokka, but do no damage.
The quokka misses you.
You tentacle-slap the quokka.
You squeeze the quokka, but do no damage.
The quokka is lightly wounded.
You constrict the quokka. The quokka bites you.
You die...

#.# # #..†...(.(# #
#.# .#. #..#####...##
#.# .... #..# ......
#.#
#...##..#.###....#
#.# #......#.# ##..##
#.# # #####..#.#
#.#.# #.# #. #..#.#
#.... #.#####
#..######..#.# #.##.
#.....#
#...@r....(#.####.##.
#####.#
#.#######.)#.........
#.# #..)......###
###.####.#
##.######.#..
#........#
.._..........
#....#####
#r##.######.#†.
#######..# # ..#
#.... .........# .##
##### ########.# #.


You could see a quokka.

Vanquished Creatures
  2 adders (D:2)
  A worm (D:2)
  A leopard gecko (D:2)
  An orc (D:2)
  3 bats
  A giant cockroach (D:2)
  4 goblins
  4 hobgoblins
  3 jackals (D:2)
  A quokka (D:2)
  2 ball pythons
  2 kobolds
  6 rats
31 creatures vanquished.

Notes
Turn   | Place    | Note
-------+----------+-------------------------------------------
     0 | D:1      | Lavandula the Octopode Hunter began the quest for the Orb.
     0 | D:1      | Reached XP level 1. HP: 14/14 MP: 1/1
   113 | D:1      | Reached skill level 1 in Unarmed Combat
   125 | D:2      | Reached XP level 2. HP: 17/19 MP: 2/2
   232 | D:2      | Found a shattered altar of Ashenzari.
   244 | D:2      | Reached XP level 3. HP: 7/24 MP: 3/3
   603 | D:2      | Reached skill level 1 in Shields
   653 | D:2      | Slain by a quokka

Vault maps used:
D:1:      elethiomel_arrival_quiet
D:2:      ashenzari_altar_1
D:3:      nemelex_spade_bored_becter

Skill      XL: |  1  2  3 |
---------------+----------+-----
Unarmed Combat | 1 2 |  2.9
Shields        | 1 |  1.3
Fighting       | |  2.0
Throwing       | |  4.0
Dodging        | |  2.0
Stealth        | |  1.3

Action                   || total
-------------------------++-------
Melee: Unarmed           ||    58
       Constrict         ||    18
       Tentacles         ||     8
       Punch             ||     1
Throw: Javelin           ||    33
 Stab: Sleeping          ||     4
Armor: Skin              ||     5
Dodge: Dodged            ||    41

Table legend:
 A = Non-vault XP
 B = Vault XP
 C = Vault XP percentage of total XP
 D = Non-vault monster count
 E = Vault monster count
 F = Vault count percentage of total count
                 A         B        C        D         E       F
            +---------+---------+-------+---------+---------+-------
      Total |      76 |       0 |   0.0 |      31 |       0 |   0.0
            +---------+---------+-------+---------+---------+-------
        D:1 |       7 |       0 |   0.0 |       5 |       0 |   0.0
        D:2 |      68 |       0 |   0.0 |      25 |       0 |   0.0
        D:3 |       1 |       0 |   0.0 |       1 |       0 |   0.0
            +---------+---------+-------+---------+---------+-------
